 Dungeon Crawl Stone Soup version 0.22.0-16-gc6d26f6 (webtiles) character file.

947 dysrexia the Skirmisher (level 8, -1/100 HPs)
             Began as a Gnoll Abyssal Knight on Aug 17, 2018.
             Was an Elder of Lugonu.
             Slain by an orc wizard
             ... wielding a +0 dagger of electrocution
              (19 damage)
             ... on level 6 of the Dungeon.
             The game lasted 00:15:16 (3858 turns).

dysrexia the Skirmisher (Gnoll Abyssal Knight)      Turns: 3858, Time: 00:15:16

Health: -1/100     AC: 24    Str: 22    XL:     8   Next: 13%
Magic:  12/12      EV:  2    Int: 14    God:    Lugonu [****..]
Gold:   249        SH:  5    Dex: 21    Spells: 12/12 levels left

rFire    . . .     SeeInvis .   t - +7 dagger of Debt {freeze, rC- Str+7 Dex+4}
rCold    x . .     Gourm    .   (no shield)
rNeg     + + +     Faith    .   (armour currently unavailable)
rPois    +         Spirit   .   (helmet currently unavailable)
rElec    .         Reflect  +   (cloak currently unavailable)
rCorr    .         Harm     .   (gloves currently unavailable)
MR       .....     NoTele   +   (boots currently unavailable)
Stlth    +++.......             o - +5 amulet of reflection
HPRegen  0.26/turn              f - ring of poison resistance
MPRegen  0.13/turn              (no ring)

@: tree-form
A: distributed training, strong nose
a: Depart the Abyss, Bend Space, Banish, Corrupt, Renounce Religion


You were on level 6 of the Dungeon.
You worshipped Lugonu.
Lugonu was greatly pleased with you.
You were not hungry.
You were a tree.
You visited 1 branch of the dungeon, and saw 6 of its levels.
You visited the Abyss 1 time.

You collected 249 gold pieces.

Inventory:

Hand Weapons
 t - the +7 dagger of Debt (weapon) {freeze, rC- Str+7 Dex+4}
   (You found it on level 4 of the Dungeon)

   It has been specially enchanted to freeze those struck by it, causing extra
   injury to most foes and up to half again as much damage against particularly
   susceptible opponents.
   It can also slow down cold-blooded creatures.
   It affects your strength (+7).
   It affects your dexterity (+4).
   It makes you vulnerable to cold.
 C - the +8 war axe "Raomaotz" {drain, Str+4 Int-5}
   (You found it on level 4 of the Dungeon)

   A truly terrible weapon, it drains the life of those it strikes.
   It affects your strength (+4).
   It affects your intelligence (-5).
Missiles
 a - 2 curare-tipped needles
 e - 26 poisoned needles
Armour
 b - a +1 leather armour
 g - a +0 helmet (melded)
 v - a +0 scale mail (melded)
 x - a +0 pair of boots (melded)
Jewellery
 f - a ring of poison resistance (left branch)
 h - an uncursed ring of ice
 o - a +5 amulet of reflection (around neck)
Wands
 B - a wand of iceblast (12)
Scrolls
 d - a scroll of teleportation
 i - 7 scrolls of identify
 n - a scroll of remove curse
 y - 2 scrolls of enchant weapon {unknown}
 A - 2 scrolls of fog
 E - a scroll of enchant armour
Potions
 j - 2 potions of mutation
 k - a potion of brilliance
 l - a potion of lignification
 m - 2 potions of degeneration {unknown}
 p - a potion of invisibility {unknown}
 q - a potion of heal wounds {unknown}
 r - a potion of curing
 s - a potion of magic {unknown}
 u - a potion of ambrosia {unknown}
 w - a potion of haste {unknown}
 z - 2 potions of flight {unknown}
Comestibles
 c - 10 rations
 D - 6 chunks of flesh


   Skills:
 + Level 7.2 Fighting
 + Level 2.9 Short Blades
 + Level 2.9 Long Blades
 + Level 2.9 Axes
 + Level 5.4 Maces & Flails
 + Level 2.9 Polearms
 + Level 2.9 Staves
 + Level 2.9 Slings
 + Level 2.9 Bows
 + Level 2.9 Crossbows
 + Level 2.9 Throwing
 + Level 5.4 Armour
 + Level 3.9 Dodging
 + Level 2.9 Stealth
 + Level 2.9 Shields
 + Level 2.9 Unarmed Combat
 + Level 2.9 Spellcasting
 + Level 2.3 Conjurations
 + Level 2.3 Hexes
 + Level 2.3 Charms
 + Level 2.3 Summonings
 + Level 2.3 Necromancy
 + Level 2.3 Translocations
 + Level 2.3 Transmutations
 + Level 2.3 Fire Magic
 + Level 2.3 Ice Magic
 + Level 2.3 Air Magic
 + Level 2.3 Earth Magic
 + Level 2.3 Poison Magic
 + Level 5.6 Invocations
 + Level 2.9 Evocations


You had 12 spell levels left.
You didn't know any spells.
Your spell library was empty.

Dungeon Overview and Level Annotations

Branches:
Dungeon (6/15)             Temple (0/1) D:5

Altars:
Elyvilon
Wu Jian


Innate Abilities, Weirdness & Mutations

Your experience applies equally to all skills.
((You have very sharp teeth.))
Your uncanny sense of smell can sniff out nearby items.


Message History

* * * LOW HITPOINT WARNING * * *
You barely miss the orc wizard.
The orc wizard looks satisfied for a moment.
You barely miss the orc wizard. You bite the orc wizard.
The orc wizard is moderately wounded.
The orc wizard points at you and mumbles some strange words.
The magic dart hits you!
* * * LOW HITPOINT WARNING * * *
You feel better. You block the orc wizard's attack.
It was a potion of lignification.
You turn into a tree.
Your +0 helmet melds into your body.
Your +0 pair of boots melds into your body.
Your +0 scale mail melds into your body.
Your roots penetrate the ground.
The orc wizard hits you but does no damage.
You puncture the orc wizard! You freeze the orc wizard.
The orc wizard is almost dead.
The orc wizard hits you but does no damage.
You are electrocuted!
You die...

#.# ∆
############
#.# #.
#......<...#
#.# ..
#.########.#
#.# .# #.#
#o# .. #.#
#o# .# #.#
#.# .#
#.###o####.#
#....oo♣...#
#####.######
#<# ..# ###


You could see an orc warrior, an orc wizard and an orc.

Vanquished Creatures
  A centaur (D:5)
  A gnoll sergeant (D:5)
  A howler monkey (D:5)
  2 crimson imps
  A centaur skeleton (D:4)
  A bullfrog skeleton (D:5)
  5 orc priests
  2 orc wizards (D:5)
  Jessica (D:2)
  An iguana (D:5)
  4 worker ants
  A howler monkey skeleton (D:5)
  4 gnolls (D:5)
  11 adders
  2 shadow imps
  An adder skeleton (D:4)
  5 worms
  A dart slug (D:2)
  5 leopard geckos
  13 orcs
  7 giant cockroaches
  7 hobgoblins
  7 jackals
  4 quokkas
  5 bats
  4 frilled lizards
  13 goblins
  9 kobolds
  5 rats
124 creatures vanquished.

Notes
Turn   | Place    | Note
-------+----------+-------------------------------------------
     0 | Abyss:1  | dysrexia the Gnoll Abyssal Knight began the quest for the Orb.
     0 | Abyss:1  | Reached XP level 1. HP: 23/23 MP: 3/3
     5 | Abyss:1  | Noticed an iron imp
    20 | D:1      | Escaped the Abyss
   294 | D:1      | Reached XP level 2. HP: 27/29 MP: 5/5
   821 | D:2      | Reached XP level 3. HP: 30/35 MP: 6/6
   865 | D:2      | Reached ** piety under Lugonu
   910 | D:2      | Noticed Jessica
   943 | D:2      | Killed Jessica
   943 | D:2      | Reached skill level 1 in Short Blades
   943 | D:2      | Reached skill level 1 in Long Blades
   943 | D:2      | Reached skill level 1 in Axes
   943 | D:2      | Reached skill level 1 in Polearms
   943 | D:2      | Reached skill level 1 in Staves
   943 | D:2      | Reached skill level 1 in Slings
   943 | D:2      | Reached skill level 1 in Bows
   943 | D:2      | Reached skill level 1 in Crossbows
   943 | D:2      | Reached skill level 1 in Throwing
   943 | D:2      | Reached skill level 1 in Stealth
   943 | D:2      | Reached skill level 1 in Shields
   943 | D:2      | Reached skill level 1 in Unarmed Combat
   943 | D:2      | Reached skill level 1 in Spellcasting
   943 | D:2      | Reached skill level 1 in Evocations
   943 | D:2      | Reached XP level 4. HP: 26/41 MP: 7/7
  1154 | D:2      | Found a faded altar of an unknown god.
  1472 | D:3      | Reached skill level 1 in Conjurations
  1472 | D:3      | Reached skill level 1 in Hexes
  1472 | D:3      | Reached skill level 1 in Charms
  1472 | D:3      | Reached skill level 1 in Summonings
  1472 | D:3      | Reached skill level 1 in Necromancy
  1472 | D:3      | Reached skill level 1 in Translocations
  1472 | D:3      | Reached skill level 1 in Transmutations
  1472 | D:3      | Reached skill level 1 in Fire Magic
  1472 | D:3      | Reached skill level 1 in Ice Magic
  1472 | D:3      | Reached skill level 1 in Air Magic
  1472 | D:3      | Reached skill level 1 in Earth Magic
  1472 | D:3      | Reached skill level 1 in Poison Magic
  1662 | D:3      | Reached XP level 5. HP: 38/47 MP: 8/8
  1951 | D:4      | Got a shimmering dagger
  1952 | D:4      | Identified the +7 dagger of Debt {freeze, rC- Str+7 Dex+4} (You found it on level 4 of the Dungeon)
  1959 | D:4      | Reached *** piety under Lugonu
  1988 | D:4      | Reached skill level 5 in Invocations
  1988 | D:4      | Reached XP level 6. HP: 47/53 MP: 9/9
  2201 | D:4      | Reached skill level 5 in Maces & Flails
  2201 | D:4      | Reached skill level 5 in Armour
  2604 | D:4      | Reached XP level 7. HP: 58/59 MP: 10/10
  2635 | D:4      | Got a faintly glowing war axe
  2636 | D:4      | Identified the +8 war axe "Raomaotz" {drain, Str+4 Int-5} (You found it on level 4 of the Dungeon)
  2820 | D:5      | Entered Level 5 of the Dungeon
  2871 | D:5      | Found a white marble altar of Elyvilon.
  2885 | D:5      | Found an ornate altar of the Wu Jian Council.
  2893 | D:5      | Reached **** piety under Lugonu
  2893 | D:5      | Reached skill level 7 in Fighting
  3567 | D:5      | Reached XP level 8. HP: 60/67 MP: 12/12
  3627 | D:5      | Found a staircase to the Ecumenical Temple.
  3858 | D:6      | Slain by an orc wizard

Skill      XL: |  1  2  3  4  5  6  7 |
---------------+----------------------+-----
Short Blades   | 1 2 |  2.9
Long Blades    | 1 2 |  2.9
Axes           | 1 2 |  2.9
Polearms       | 1 2 |  2.9
Staves         | 1 2 |  2.9
Slings         | 1 2 |  2.9
Bows           | 1 2 |  2.9
Crossbows      | 1 2 |  2.9
Throwing       | 1 2 |  2.9
Stealth        | 1 2 |  2.9
Shields        | 1 2 |  2.9
Unarmed Combat | 1 2 |  2.9
Spellcasting   | 1 2 |  2.9
Evocations     | 1 2 |  2.9
Conjurations   | 1 2 |  2.3
Hexes          | 1 2 |  2.3
Charms         | 1 2 |  2.3
Summonings     | 1 2 |  2.3
Necromancy     | 1 2 |  2.3
Translocations | 1 2 |  2.3
Transmutations | 1 2 |  2.3
Fire Magic     | 1 2 |  2.3
Ice Magic      | 1 2 |  2.3
Air Magic      | 1 2 |  2.3
Earth Magic    | 1 2 |  2.3
Poison Magic   | 1 2 |  2.3
Dodging        | 3 |  3.9
Invocations    | 5 |  5.6
Maces & Flails | 5 |  5.4
Armour         | 5 |  5.4
Fighting       | 7 |  7.2

Action                   |  1- 3 |  4- 6 |  7- 9 || total
-------------------------+-------+-------+-------++-------
Melee: Mace              |    69 |   112 |       ||   181
       Bite              |     7 |    24 |    21 ||    52
       Punch             |       |     3 |     2 ||     5
       Dagger            |       |    80 |   133 ||   213
Invok: Bend Space        |       |       |     1 ||     1
  Use: Scroll            |     4 |     6 |     2 ||    12
       Potion            |       |       |     3 ||     3
 Stab: Sleeping          |     1 |     2 |       ||     3
  Eat: Chunk             |       |     6 |     4 ||    10
Armor: Leather armour    |    16 |    29 |       ||    45
       Scale mail        |       |    15 |    31 ||    46
       Skin              |       |       |     2 ||     2
Dodge: Dodged            |    43 |   111 |    61 ||   215
Block: Other             |       |    29 |    28 ||    57
